 Dungeon Crawl Stone Soup version 0.30.1-8-g117510f58f (webtiles) character file.

Game seed: 13607898730071318447

91 Amplified the Trooper (level 4, -5/35 HPs)
             Began as a Mummy Gladiator on Sept 22, 2023.
             Killed from afar by Sigmund (13 damage)
             ... with a puff of flame
             ... on level 3 of the Dungeon.
             The game lasted 00:02:29 (1733 turns).

Amplified the Trooper (Mummy Gladiator)             Turns: 1733, Time: 00:02:29

Health: -5/35      AC:  4    Str: 17    XL:     4   Next: 34%
Magic:  4/4        EV: 12    Int:  9    God:
Gold:   129        SH:  0    Dex: 13    Spells: 3/3 levels left

rFire   x . .        a - +2 quarterstaff (heavy)
rCold   + . .        (shield currently unavailable)
rNeg    + + +        b - +0 leather armour
rPois   ∞            c - +0 helmet
rElec   .            (no cloak)
rCorr   .            (no gloves)
SInv    .            (no boots)
Will    .....        (no amulet)
Stlth   +            f - ring of wizardry
HPRegen 0.25/turn    (no ring)
MPRegen 0.09/turn

%: faith, wizardry (x1)
@: no status effects
A: cold resistance 1, negative energy resistance 3, torment resistance 2, heat
vulnerability 1, in touch with death 1, no potions, faith
a: no special abilities


You were on level 3 of the Dungeon.
You visited 1 branch of the dungeon, and saw 4 of its levels.

You collected 129 gold pieces.

Inventory:

Hand Weapons
 a - a +2 heavy quarterstaff (weapon)
Missiles
 d - a throwing net (quivered)
 e - a javelin
 j - 5 poisoned darts
Armour
 b - a +0 leather armour (worn)
 c - a +0 helmet (worn)
 g - a +0 pair of boots
Magical Staves
 m - a staff of poison
Jewellery
 f - a ring of wizardry (left hand)
 h - an amulet of faith


   Skills:
 * Level 3.5 Fighting
 * Level 3.4 Staves
 - Level 1.5 Throwing
 - Level 2.4 Dodging


You had 3 spell levels left.
You didn't know any spells.
Your spell library was empty.

Dungeon Overview and Level Annotations

Branches:
Dungeon (4/15)
 Temple: D:4-7

Altars:

Portals:
Sewer: D:3

Annotations:
D:3 Sigmund


Innate Abilities, Weirdness & Mutations

You are immune to poison.
Your flesh is cold resistant. (rC+)
You are immune to negative energy. (rN+++)
You are immune to unholy pain and torment.
You are vulnerable to heat. (rF-)
You are in touch with the powers of death.
You do not drink.
You have a special connection with the divine. (Faith)


Message History

Sigmund closely misses you.
Unknown command.
You bump into the translucent rock wall.
Sigmund gestures at you while chanting. The puff of flame hits you!
The fire burns you terribly!
Unknown command.
Sigmund attacks as you move away! Sigmund closely misses you.
Unknown command.
Unknown command.
You bump into the translucent rock wall.
Sigmund hits you from afar with a +0 scythe.
Unknown command.
You feel less confused. Sigmund hits you with a +0 scythe!
* * * LOW HITPOINT WARNING * * *
Unknown command.
You aren't carrying any scrolls.
Unknown command.
Throw: 2 throwing nets
Press: ? - help, Q - select action, (/) - cycle Shift-Dir - straight line, f/p - Sigmund
Aim: Sigmund, wielding a +0 scythe and wearing a +0 robe (53% to hit)
You throw a throwing net. The throwing net hits Sigmund.
Sigmund is caught in the net!
Unknown command.
You aren't carrying any scrolls.
Unknown command.
You hit Sigmund.
Sigmund is lightly wounded.
Sigmund struggles against the net. x2
Unknown command.
You hit Sigmund.
Sigmund is moderately wounded.
Sigmund struggles against the net. x2
Unknown command.
You sock Sigmund!
Sigmund is severely wounded.
Sigmund struggles against the net.
Sigmund points at you and mumbles some strange words.
The puff of flame hits you! The fire burns you terribly!
You die...

.....
#####.....
#.........
#.........
#..#######
#..#BS~~~#
#..+BB∩~~#
#..#SB~~~#
#.@#######
##.@(.....
#########


You could see Sigmund (caught), 2 adders and 4 giant cockroaches.

Vanquished Creatures
  An adder (D:2)
  2 worms (D:2)
  3 dart slugs
  3 endoplasms
  4 giant cockroaches (D:1)
  6 goblins
  5 hobgoblins
  16 jackals (D:1)
  3 kobolds
  2 quokkas
  2 ball pythons (D:1)
  3 bats
  7 frilled lizards
  7 rats
64 creatures vanquished.

Notes
Turn   | Place    | Note
-------+----------+-------------------------------------------
     0 | D:1      | Amplified the Mummy Gladiator began the quest for the Orb.
     0 | D:1      | Reached XP level 1. HP: 16/16 MP: 1/1
   104 | D:1      | Reached XP level 2. HP: 17/23 MP: 2/2
   381 | D:1      | Gained mutation: You are in touch with the powers of death.
                  | [Mummy growth]
   381 | D:1      | Reached XP level 3. HP: 28/28 MP: 3/3
  1412 | D:2      | Reached XP level 4. HP: 35/35 MP: 4/4
  1567 | D:2      | You fall into a shaft and drop 2 floors!
  1712 | D:3      | Found a glowing drain.
  1719 | D:3      | Noticed Sigmund
  1733 | D:3      | Killed from afar by Sigmund

Illustrated notes

Levels and vault maps discovered:
D:1:      shiori_shiawase, layout_basic
D:2:      layout_basic
D:3:      layout_rooms, gup_sewer_entry_glass, kennysheep_orc_chapel,
          uniq_sigmund
D:4:      layout_basic, serial_shops, nicolae_shop_stone, grunt_decor_cap,
          kennysheep_big_empty_room

Skill      XL: |  1  2  3 |
---------------+----------+-----
Staves         | 3 |  3.4
Fighting       | 3 |  3.5
Throwing       | |  1.5
Dodging        | |  2.4

Action                     |  1- 3 |  4- 6 || total
---------------------------+-------+-------++-------
  Melee: Quarterstaff      |   140 |    24 ||   164
  Throw: Throwing net      |       |     2 ||     2
    Use: Scroll            |     4 |     7 ||    11
   Stab: Sleeping          |     1 |       ||     1
 Armour: Leather armour    |    74 |     4 ||    78
  Dodge: Dodged            |   121 |    18 ||   139
